MingLee, neutral male gnomish Wizard ----- --------- |<..--- ------.......-- ------- |.....---|.........--..| |.....| --..|....|.---------|..| |.._..| --.|-.....---- ---- |....+| --- --|.........| ---|--- +.| ----.|....| |.| |.| ----..| |.| |.|-- ------ |..|. -.-- |.-.. . |%%`%| --..... ....----- |.|.. .. ....| |...... ........---|.| ... -|- ----... .---......-|.| --- ... --.---.. |... |..|.. |..---...|.--.%|q.. |..|-.........|..--|..|..| ...|-....|.....GS |..-...............-.---.-----..--..........--. ----.....{....----............%..|...`.......| ..........- --+--.---------.@.......--..| -....... |.|.(((| --.......- ---- -..--- |.-.(((| ---...--- --|.%((| ------ MingLee the Conjurer Experience level: 5 Strength: 14 Dexterity: 12 Constitution: 10 Intelligence: 19 Wisdom: 12 Charisma: 8 Health: 0(28) Energy: 43(48) Def: 1 Gold: 530 Moves: 2676 Dungeon seed: HxXVxWGjLRXOklPD Game ID: MingLee_1463149573 Your Inventory: Coins $ - 530 gold pieces Weapons a - a blessed +1 quarterstaff (weapon in hands) Armor e - an uncursed +0 cloak of magic resistance (being worn) Comestibles x - 2 uncursed food rations Scrolls j - 2 uncursed scrolls of confuse monster B - a cursed scroll of confuse monster E - a cursed scroll of light G - a blessed scroll of destroy armor Potions f - an uncursed potion of see invisible g - an uncursed potion of invisibility h - an uncursed potion of healing o - a potion of holy water I - an uncursed potion of sleeping Rings c - an uncursed ring of polymorph d - an uncursed ring of fire resistance r - an uncursed ring of polymorph control Wands b - an uncursed wand of teleportation (0:4) Tools m - an uncursed magic marker (0:39) A - an uncursed towel Gems q - an uncursed luckstone Spells and supernatural/magical abilities: Name Level Category Fail Memory a - force bolt 1 attack 0% 87% j - jumping 1 escape 0% 100% u - confuse monster 2 enchantment 0% 87% G - detect treasure 4 divination 100% 100% W - pray for help -- divine ? -- Your skills at the end: Fighting Skills Weapon Skills quarterstaff [Basic] Spellcasting Skills attack spells [Basic] enchantment spells [Basic] Final Attributes: You were piously aligned. You were magic-protected. You had infravision. You were lucky. You had extra luck. Bad luck did not time out for you. Good luck did not time out for you. You are dead. Vanquished creatures: a large mimic 2 bugbears 2 shriekers a gnome lord a dwarf a homunculus a giant bat an orc zombie a dwarf zombie an iguana 2 hobbits 2 giant rats a yellow mold a red mold a gnome zombie 3 geckos 3 jackals a fox 2 kobolds 3 goblins 5 sewer rats 5 grid bugs a bat 5 lichens 2 kobold zombies 9 newts 58 creatures vanquished. Voluntary challenges: You had been an atheist until turn 2582. You used a wielded weapon 69 times, starting on turn 2. You read items or engraved 20 times, starting on turn 868. You never genocided any monsters. You never polymorphed an object. You never changed form. You used no wishes. You never split a pudding. You never wrote Elbereth's name. You violated your moral code, losing 11 points of alignment, starting on turn 1659. Dungeon overview: The Dungeons of Doom: levels 1 to 5 Level 1 some fountains a long staircase Level 2 a general store, some fountains stairs to The Gnomish Mines Level 3 Level 4 a fountain Level 5 The Gnomish Mines: levels 3 to 6 Level 3 stairs to The Dungeons of Doom Level 4 Level 5 Level 6 <- You were here some shops, a temple to Thoth, a fountain History has recorded: On T:1 you entered the Dungeons of Doom to retrieve the Amulet of Yendor! On T:53 you reached level 2 of The Dungeons of Doom. On T:388 you advanced to experience level 2. On T:475 you reached level 1 of The Gnomish Mines. On T:620 you reached level 4 of The Dungeons of Doom. On T:627 you reached level 5 of The Dungeons of Doom. On T:765 you reached level 3 of The Dungeons of Doom. On T:1007 you advanced to experience level 3. On T:1663 you advanced to experience level 4. On T:1720 you reached level 2 of The Gnomish Mines. On T:2036 you reached level 3 of The Gnomish Mines. On T:2243 you advanced to experience level 5. On T:2342 you reached level 4 of The Gnomish Mines. Score breakdown: Gold: 530 ( 9269 points) Experience: 5 levels (11141 points) Exploration: 6 levels ( 12.77%) ( 9890 points) Discoveries: 9 items ( 3.12%) ( 5303 points) Valuables value: (no points given unless you survive) Artifact value: 0 ( 0 points) Variety of kills: 26 monsters ( 6.82%) ( 7836 points) Turncount: 2676 turns ( -431 points) Survival: died (score multiplied by 80%) Total score: 34406 Latest messages: I - an uncursed dark green potion. r - an uncursed bronze ring. A - an uncursed towel. q - an uncursed gray stone. A gray stone lands on the altar. The rothe hits! The rothe bites! (2x) You die... Final status: Goodbye MingLee the Wizard, killed by a rothe... You died in The Gnomish Mines on dungeon level 6 with 34406 points, and 530 pieces of gold, after 2676 moves. You were level 5 with a maximum of 28 hit points when you died.